Unix NetHack Version 5.0.0-0 post-release - last build Jul 14 2026 02:55:29 (1809b74e8187c3a3585e283601c3028b46cbbdcb,branch:main).

Game began 2026-07-15 18:27:48, ended 2026-07-15 18:54:31.

Coineanach, neutral male human Barbarian

                        -----          ---        ------      -----------
                        |...            .          ....|      |.........|
                        |...-----     --.-     -----...|      |.........|
                        |...|(((|      -.|     |%".|...|      --|--..----
                        |...|(((|      |.+     |+..|...|        ####)#
                        |...|.. --------.----  |..[|....#          # ##
                        |...-|---...........--+-|---...|###        ######
                        |...........@q...)..))...).....|  ##        ### ###
                        |........{.-|-----.{...........|   #         ##   #
        -----------     |..........|.....|...(.).).....|   ###### 0   ### #
        |.........|     |...-|---..|.....|....---|-....|        ## # #  # #
        |.........|     |...|.. --||.._..|.-|-- ..|---.|         #--..--.-|--
        |.........|     |...|++?  .|.....|.|.. !((|  +.|##########..........|
        |.........|     |...|+.+| .|------.|..|(!(|  |.|#         |...<.....|
        |......>..|     |...--------      .--------  -.|#         |.........|
        |.........-#    |...              .           .|#         -----------
        -----------#    -----            ---         ---#
                   ##########""##########################

Coineanach the Bandit      St:17 Dx:17 Co:18 In:8 Wi:8 Ch:7  Neutral
Dlvl:7  $:730 HP:0(73) Pw:20(20) AC:7  Xp:7 T:3853  Strained

Latest messages:
 In what direction?
 The dagger slips as you throw it!
 In what direction?
 The dagger slips as you throw it!
 In what direction?
 The dagger hits the kobold lord.
 What do you want to throw? [$bBDEO or ?*]
 In what direction?
 The dagger hits the kobold lord.
 What do you want to throw? [$bDEO or ?*]
 In what direction?
 The dagger hits the kobold lord.
 What do you want to throw? [$bDE or ?*]
 In what direction?
 The elven dagger hits the kobold lord.
 The kobold lord hits!
 The large cat picks up an uncursed pick-axe.
 You kill the kobold lord!
 You have much trouble lifting 2 rothe corpses.  Continue? [ynq] (q)
 You have much trouble lifting e - 2 rothe corpses (3 in total).
 You stagger under your heavy load.  Movement is very hard.
 The large cat drops an uncursed pick-axe.
 You see here a cursed dagger.
 You hear some noises in the distance.
 You hear some noises.
 You hear some noises in the distance.
 The rothe hits!
 The rothe bites!
 The rothe bites again!
 The rothe hits!
 The rothe bites!
 The rothe bites again!
 The rothe hits!
 The rothe bites!
 The rothe bites again!
 The rothe hits!
 The rothe bites!
 The rothe bites again!
 The rothe hits!
 The rothe just misses!
 The rothe bites!
 The rothe hits!
 The rothe bites!
 The rothe bites again!
 You die...
 Do you want your possessions identified? [ynq] (y)
 Do you want to see your attributes? [ynq] (y)
 Do you want an account of creatures vanquished? [ynaq] (y)
 Do you want to see your conduct and achievements? [ynq] (y)
 Do you want to see the dungeon overview? [ynq] (y)

Inventory:
 Coins    ('$')
  $ - 730 gold pieces
 Weapons  (')')
  D - a +0 orcish dagger
  b - a +0 axe (alternate weapon; not wielded)
  a - a blessed +0 two-handed sword (weapon in hands)
 Armor    ('[')
  Q - a cursed +0 dwarvish iron helm
  L - a blessed +1 dwarvish cloak (being worn)
  c - an uncursed rusty +0 ring mail (being worn)
 Comestibles  ('%')
  l - an uncursed carrot
  d - 2 uncursed food rations
  e - 3 uncursed rothe corpses
 Scrolls  ('?')
  A - an uncursed scroll of charging
  g - an uncursed scroll of confuse monster
  n - an uncursed scroll of create monster
  M - 2 uncursed scrolls of identify
  W - an uncursed scroll of light
 Potions  ('!')
  S - a cursed potion of extra healing
  p - a blessed potion of full healing
  N - a blessed potion of healing
  i - 2 uncursed potions of healing
  o - an uncursed potion of monster detection
  m - an uncursed potion of speed
  s - 2 uncursed potions of water
 Wands    ('/')
  q - a wand of locking (0:3)
  Y - a wand of speed monster (0:5)
 Tools    ('(')
  H - an uncursed lock pick
  C - an uncursed stethoscope
  X - an uncursed towel
 Gems/Stones  ('*')
  f - an uncursed worthless piece of yellowish brown glass

Coineanach the Barbarian's attributes:

Background:
 You were a Bandit, a level 7 male human Barbarian.
 You were neutral, on a mission for Crom
 who was opposed by Mitra (lawful) and Set (chaotic).
 You were right-handed.
 You were in the Gnomish Mines, on level 7.
 You entered the dungeon 3853 turns ago.
 There was a new moon in effect when your adventure ended.
 You had 659 experience points, 621 more were needed to attain level 8.

Basics:
 You had 0 out of 73 hit points.
 You had all 20 energy points (spell power).
 Your armor class was 7.
 Your wallet contained 730 zorkmids.
 Autopickup was off.

Final Characteristics:
 Your strength was 17 (limit:18/100).
 Your dexterity was 17 (peak:18, limit:18).
 Your constitution was 18 (limit:18).
 Your intelligence was 8 (limit:18).
 Your wisdom was 8 (limit:18).
 Your charisma was 7 (limit:18).

Final Status:
 You weren't hungry.
 You were strained; movement was very slowed.
 You were wielding a two-handed sword.
 You had basic skill with two-handed sword and could have enhanced that.

Final Attributes:
 You were piously aligned.
 Your items were somewhat protected from fire.
 Your items were somewhat protected from cold.
 You were poison resistant.
 You were warded.
 Your spell casting was impaired by metallic armor.
 You were fast.
 You are dead.

Miscellaneous:
 You didn't encounter any bones levels.
 Total elapsed playing time was 26 minutes and 42 seconds.

Major events:
 Turn
    1: Coineanach the neutral male human Barbarian entered the dungeon
  803: attained the rank of Pillager (level 3)
  998: entered the Gnomish Mines
 2798: attained the rank of Bandit (level 6)
 3502: reached Mine Town
 3853: killed by a rothe

Spells:
 Name                 Level Category     Fail Retention
 detect monsters        1   divination   100%  76%-100%

Skills:
 Fighting Skills
   bare handed combat [Basic]
   two weapon combat  [Unskilled]
   riding             [Unskilled]
 Weapon Skills
   dagger             [Unskilled]
   axe                [Basic]
   pick-axe           [Unskilled]
   short sword        [Unskilled]
   broadsword         [Unskilled]
   long sword         [Unskilled]
   two-handed sword   [Basic]
   saber              [Unskilled]
   club               [Unskilled]
   mace               [Unskilled]
   morning star       [Unskilled]
   flail              [Unskilled]
   hammer             [Unskilled]
   quarterstaff       [Unskilled]
   spear              [Unskilled]
   trident            [Unskilled]
   bow                [Unskilled]
 Spellcasting Skills
   attack spells      [Unskilled]
   escape spells      [Unskilled]

Voluntary challenges:
 Character rerolling was not enabled.
 You never genocided any monsters.
 You never polymorphed an object.
 You never changed form.
 You used no wishes.
Achievements:
 You entered a shop.
 You attained the rank of Pillager.
 You entered the Gnomish Mines.
 You attained the rank of Bandit.
 You entered Minetown.
 You entered a temple.

 The Dungeons of Doom: levels 1 to 4
    Level 1: "spb det mon"
    Level 2:
       A fountain.
    Level 3:
       A food shop, many fountains, a sink.
       Stairs down to The Gnomish Mines.
    Level 4:
       A fountain.
 The Gnomish Mines: levels 4 to 7
    Level 4:
    Level 5:
    Level 6:
    Level 7: <- You were here.
       A general store, a temple and an altar to Crom, some fountains.
       Final resting place for
          you, killed by a rothe.


Vanquished creatures:
  a leprechaun
  a giant spider
  3 apes
  a mountain nymph
  a fog cloud
  a yellow light
  a violet fungus
  4 gnome leaders
  2 gnomish wizards
  2 elf zombies
  a straw golem
  a little dog
  6 dwarves
  2 homunculi
  a kobold leader
  5 hill orcs
  3 rothes
  a centipede
  a giant bat
  a monkey
  5 orc zombies
  2 dwarf zombies
  a werejackal
  2 iguanas
 an acid blob
  a gas spore
  4 hobbits
  a large kobold
  a hobgoblin
  a red mold
 25 gnomes
  a gnome zombie
  7 geckos
  3 goblins
  3 sewer rats
  7 grid bugs
  a bat
  2 lichens
  6 newts
113 creatures vanquished.

No species were genocided or became extinct.

Game over:
                       ----------
                      /          \
                     /    REST    \
                    /      IN      \
                   /     PEACE      \
                  /                  \
                  |    Coineanach    |
                  |      730 Au      |
                  |   killed by a    |
                  |      rothe       |
                  |                  |
                  |                  |
                  |       2026       |
                 *|     *  *  *      | *
        _________)/\\_//(\/(/\)/\//\/|_)_______

Goodbye Coineanach the Barbarian...

You died in The Gnomish Mines on dungeon level 7 with 3593 points,
and 730 pieces of gold, after 3853 moves.
You were level 7 with a maximum of 73 hit points when you died.

